 Dungeon Crawl Stone Soup version 0.11.3 (console) character file.

1052 Lightli the Skirmisher (level 7, -10/58 HPs)
             Began as a Centaur Stalker on June 20, 2022.
             Was an Initiate of Okawaru.
             Mangled by Menkaure (20 damage)
             ... on Level 6 of the Dungeon.
             The game lasted 00:13:14 (5847 turns).

Lightli the Skirmisher (Centaur Stalker)            Turns: 5847, Time: 00:13:14

HP -10/58        AC  9     Str 16      XL: 7   Next: 49%
MP   6/6         EV  6     Int 11      God: Okawaru [......]
Gold 308         SH  0     Dex 11      Spells:  1 memorised,  7 levels left

Res.Fire  : . . .   See Invis. : .   q - +2,+3 dwarf broad axe
Res.Cold  : . . .   Warding    : .   i - +0 scale mail
Life Prot.: + . .   Conserve   : .   (no shield)
Res.Poison: .       Res.Corr.  : .   r - +0 golden helmet
Res.Elec. : .       Clarity    : .   n - +0 cloak
Sust.Abil.: . .     Spirit.Shd : .   (no gloves)
Res.Mut.  : .       Stasis     : .   (no barding)
Res.Rott. : .       Ctrl.Telep.: .   (no amulet)
Saprovore : . . .   Levitation : .   b - ring of life protection Ctrl.Flight: .
                                     j - +2 ring of strength

@: very quick, slightly resistant to hostile enchantments, extremely unstealthy
A: hooves 3, deformed body, herbivore 1, speed 2, fast metabolism 1, tough skin
3
a: Renounce Religion


You were on level 6 of the Dungeon.
You worshipped Okawaru.
Okawaru was pleased with you.
You were not hungry.

You visited 2 branches of the dungeon, and saw 7 of its levels.
You also visited: Sewer.

You collected 288 gold pieces.

Inventory:

Hand weapons
 a - a +2,+2 dagger {=f}
 q - a +2,+3 dwarven broad axe (weapon)
Missiles
 c - 45 arrows
Armour
 i - a +0 scale mail (worn)
 n - a +0 cloak (worn)
 r - a +0 golden helmet (worn)
Magical devices
 g - a wand of digging (10)
 h - a wand of invisibility (3)
 w - a wand of frost (0)
Comestibles
 f - 4 bread rations
 B - a meat ration
Scrolls
 k - 2 scrolls of teleportation
 l - a scroll of enchant armour {unknown}
 m - 4 scrolls of remove curse
 o - a scroll of blinking
 y - 2 scrolls of fear
Jewellery
 b - a ring of life protection (right hand)
 j - a +2 ring of strength (left hand)
 p - an uncursed ring of wizardry
 s - an uncursed ring of magical power
 x - an uncursed ring of levitation
Potions
 e - 2 potions of confusion
 t - 2 potions of restore abilities
 u - 2 potions of resistance
 A - a potion of curing
Books
 d - a book of Stalking

   Spells                             Type                      Level
   *Fulsome Distillation              Transmutation/Necromancy     1
   Evaporate                          Fire/Transmutation           2
   Passwall                           Transmutation/Earth          3
   Petrify                            Transmutation/Earth          4
   Dig                                Transmutation/Earth          4


   Skills:
 - Level 6.4 Fighting
 - Level 0.8 Short Blades
 + Level 3.9 Armour
 - Level 1.3 Dodging
 - Level 1.2 Stealth
 - Level 1.3 Stabbing
 - Level 1.0 Spellcasting
 - Level 1.7 Transmutations


You had 7 spell levels left.
You knew the following spells:

 Your Spells              Type           Power        Failure   Level  Hunger
a - Fulsome Distillation  Trmt/Necr      N/A          94%         1    ##.....


Dungeon Overview and Level Annotations

Branches:
Dungeon (6/27)             Temple (1/1) D:5
    Orc: D:6-11

Altars:
Ashenzari
Cheibriados
Elyvilon
Fedhas
Kikubaaqudgha
Makhleb
Nemelex Xobeh
Okawaru
Sif Muna
Vehumet
Xom
Yredelemnul
Zin
the Shining One

Shops:
D:6: *

Annotations
D:3 Grinder
D:4 Blork the orc; Lightli's ghost, average HaSt; Prince Ribbit
D:6 Menkaure


Innate Abilities, Weirdness & Mutations

You have hooves in place of feet.
Armour fits poorly on your strangely shaped body.
You digest meat inefficiently.
You cover ground very quickly.
You have a fast metabolism.
You have extremely tough skin (AC +3).


Message History

You see here a poisoned needle.
You see here a poisoned needle.
Evoke which item? (* to show all) (? for menu, Esc to quit)
Okay, then.
You see here a poisoned needle.
You start searching.
You start searching.
Menkaure closely misses you.
You slash Menkaure! You kick Menkaure.
Menkaure is moderately damaged.
Menkaure hits you!
You slash Menkaure!
Menkaure is severely damaged.
Menkaure hits you!
You hit Menkaure. Your kick misses Menkaure.
Menkaure is severely damaged.
Menkaure hits you!
* * * LOW HITPOINT WARNING * * *
Menkaure hits you!
You die...

######.## #.#.# . #.........
#.#.# .# #<........ #.#.# .#
#####......... #.#.# .#
..g.g......... #.#.# .#
#####......... ###.#.#### .#
#......... #.....%..# .#
#......... #........######.#
################@..............##
.M.....)...(.((M............∩....
####################.######...###
...# ##### #####


You could see Menkaure.

Vanquished Creatures
  Eustachio (D:5)
  Sigmund (D:4)
  2 big kobolds (Sewer)
  A hound (D:5)
  2 crimson imps
  A big kobold skeleton (D:4)
  Crazy Yiuf (D:2)
  A scorpion (D:5)
  A big fish (D:3)
  A worker ant (D:4)
  An orc wizard (D:3)
  A gnoll (D:6)
  5 adders
  A giant mite (D:3)
  An inept item mimic (D:4)
  An adder skeleton (D:4)
  4 worms
  2 grey rats (Sewer)
  A bat skeleton (D:5)
  A giant eyeball (D:4)
  3 giant geckos
  2 oozes
  5 orcs
  3 ball pythons
  5 bats
  2 giant cockroaches (D:2)
  5 goblins
  8 hobgoblins
  4 jackals (D:2)
  2 quokkas
  5 giant newts
  10 kobolds
  9 rats
93 creatures vanquished.

Vanquished Creatures (others)
  4 toadstools
4 creatures vanquished.

Grand Total: 97 creatures vanquished

Notes
Turn   | Place    | Note
--------------------------------------------------------------
     0 | D:1      | Lightli, the Centaur Stalker, began the quest for the Orb.
     0 | D:1      | Reached XP level 1. HP: 16/16 MP: 1/1
   133 | D:1      | Reached skill level 2 in Fighting
   223 | D:1      | Reached XP level 2. HP: 7/23 MP: 2/2
  1126 | D:2      | Found a basalt altar of Yredelemnul.
  1152 | D:2      | Reached skill level 3 in Fighting
  1152 | D:2      | Reached XP level 3. HP: 20/29 MP: 3/3
  1306 | D:2      | Noticed Crazy Yiuf
  1313 | D:2      | Killed Crazy Yiuf
  1313 | D:2      | Reached XP level 4. HP: 19/36 MP: 4/4
  1540 | D:3      | Reached skill level 4 in Fighting
  2162 | D:3      | Found a glowing drain.
  2180 | D:3      | Reached skill level 5 in Fighting
  2180 | D:3      | Reached XP level 5. HP: 17/44 MP: 5/5
  2184 | Sewer    | Entered a sewer
  2568 | Sewer    | Reached skill level 6 in Fighting
  2577 | Sewer    | Reached XP level 6. HP: 28/51 MP: 6/6
  3132 | D:4      | Noticed Lightli's ghost (average HaSt)
  3217 | D:3      | Found a blossoming altar of Fedhas.
  3349 | D:3      | Noticed Grinder
  3511 | D:4      | Found a glowing golden altar of the Shining One.
  3518 | D:4      | Reached skill level 1 in Armour
  3530 | D:4      | Paralysed by a giant eyeball for 4 turns
  3591 | D:4      | Noticed Prince Ribbit
  3660 | D:4      | Noticed Blork the orc
  4113 | D:4      | Noticed Sigmund
  4168 | D:4      | Killed Sigmund
  4223 | D:5      | Entered Level 5 of the Dungeon
  4236 | D:5      | Found a staircase to the Ecumenical Temple.
  4246 | Temple   | Entered the Ecumenical Temple
  4315 | Temple   | Became a worshipper of Warmaster Okawaru
  4613 | D:5      | Reached XP level 7. HP: 47/58 MP: 6/6
  4669 | D:5      | Noticed Eustachio
  4700 | D:5      | Killed Eustachio
  4845 | D:5      | Found a glowing golden altar of the Shining One.
  5578 | D:6      | Found Xupsaabe's General Store.
  5819 | D:6      | Noticed Menkaure
  5847 | D:6      | Mangled by Menkaure
